 Dungeon Crawl Stone Soup version 0.32-a0-607-g64ea0e4219 (webtiles) character file.

Game seed: 3741947424850805881

1264 CrazyBamboolord the Sneak (level 8, -3/61 HPs)
             Began as a Demonspawn Wanderer on Mar 4, 2024.
             Slain by a hornet (6 damage)
             ... on level 6 of the Dungeon.
             The game lasted 00:11:40 (5183 turns).

CrazyBamboolord the Sneak (Demonspawn Wanderer)     Turns: 5183, Time: 00:11:40

Health: -3/61      AC: 11    Str: 18    XL:     8   Next: 27%
Magic:  9/9        EV: 14    Int: 11    God:
Gold:   341        SH:  0    Dex: 21    Spells: 8/9 levels left

rFire   . . .        a - +2 short sword (freeze)
rCold   . . .        (no shield)
rNeg    + + .        j - +2 robe {rN+}
rPois   .            (helmet restricted)
rElec   .            (no cloak)
rCorr   +            (no gloves)
SInv    .            g - +2 pair of boots "Mimeomawn" {rN+ rCorr Dex+4}
Will    .....        m - amulet of magic regeneration
Stlth   ++++         w - +4 ring of protection
HPRegen 0.30/turn    y - +6 ring of strength
MPRegen 0.51/turn

%: no passive effects
@: lethally poisoned (-3 -> -9), about to teleport, slowed, wreathed by umbra,
very slow
A: hooves 1, horns 1, weakness stinger 2, foul shadow 1
a: no special abilities


You were on level 6 of the Dungeon.
You visited 1 branch of the dungeon, and saw 6 of its levels.

You collected 341 gold pieces.

Inventory:

Hand Weapons
 a - a +2 short sword of freezing (weapon)
 b - a +2 dagger of venom
 z - a +0 rapier of venom
Missiles
 e - 15 boomerangs (quivered)
Armour
 g - the +2 pair of boots "Mimeomawn" (worn) {rN+ rCorr Dex+4}
   (You found it on level 3 of the Dungeon)

   Dex+4:     It affects your dexterity (+4).
   rN+:       It protects you from negative energy.
   rCorr:     It protects you from acid and corrosion.
 j - a +2 robe of positive energy (worn)
Jewellery
 c - a ring of ice
 m - an amulet of magic regeneration (around neck)
 w - a +4 ring of protection (left hand)
 y - a +6 ring of strength (right hand)
 C - a +6 ring of dexterity
Scrolls
 k - a scroll of noise {unknown}
 l - a scroll of summoning {unknown}
 o - 3 scrolls of identify {unknown}
 s - a scroll of vulnerability {unknown}
 t - a scroll of revelation {unknown}
 u - a scroll of poison
 x - a scroll of fog {unknown}
Potions
 d - a potion of berserk rage
 f - a potion of haste {unknown}
 i - a potion of invisibility {unknown}
 p - a potion of heal wounds {unknown}
 q - a potion of ambrosia {unknown}
 r - 2 potions of magic {unknown}
 v - a potion of might {unknown}
 A - a potion of cancellation {unknown}
 B - a potion of resistance {unknown}


   Skills:
 + Level 4.8 Fighting
 + Level 3.7 Short Blades
 - Level 2.0 Throwing
 - Level 2.0 Armour
 + Level 4.0 Dodging
 * Level 6.0 Stealth
 - Level 1.0 Spellcasting
 - Level 1.0 Hexes
 - Level 1.0 Evocations


You had 8 spell levels left.
You knew the following spells:

 Your Spells              Type           Power      Damage    Failure   Level
a - Slow                  Hex            8%         N/A       22%         1

Your spell library contained the following spells:

 Spells                   Type           Power      Damage    Failure   Level
 Magic Dart               Conj           0%         1d3       32%         1
 Blink                    Tloc           0%         N/A       43%         2
 Call Imp                 Summ           0%         N/A       43%         2
 Dazzling Flash           Conj/Hex       2%         N/A       61%         3
 Ozocubu's Armour         Ice            0%         N/A       67%         3
 Brom's Barrelling Bould  Conj/Erth      0%         2d3       97%         4
 Fireball                 Conj/Fire      0%         3d3       100%        5
 Iskenderun's Battlesphe  Conj           0%         2d6       100%        5
 Metabolic Englaciation   Hex/Ice        0%         N/A       100%        5
 Conjure Ball Lightning   Conj/Air       0%         3x3d6     100%        6
 Sculpt Simulacrum        Ice/Alch       0%         N/A       100%        6
 Orb of Destruction       Conj           0%         9d5       100%        7


Dungeon Overview and Level Annotations

Branches:
Dungeon (6/15)
 Temple: D:4-7

Altars:
Kikubaaqudgha


Innate Abilities, Weirdness & Mutations

You have large cloven feet.
You have a pair of small horns on your head.
You have a tail ending in a sharp stinger.
You are faintly shadowed, very rarely releasing foul flame when damaged in melee.


Message History

You feel sick. The hornet stings you!
You feel as though you will be slow longer.
The hornet barely misses you.
Unknown command.
You hit the hornet but do no damage.
The hornet is severely wounded.
You feel sick. The hornet closely misses you.
Unknown command.
You barely miss the hornet. Your headbutt misses the hornet.
The hornet is severely wounded.
You feel sick. The hornet stings you!
* * * LOW HITPOINT WARNING * * *
You are lethally poisoned!
You feel as though you will be slow longer.
The hornet barely misses you.
You are too injured to fight recklessly!
You feel better. The hornet closely misses you. x2
Unknown command.
You barely miss the hornet.
The hornet is severely wounded.
The hornet barely misses you.
The hornet stings you but does no damage.
You hit the hornet but do no damage.
The hornet is severely wounded.
The hornet closely misses you.
The hornet stings you but does no damage.
You closely miss the hornet. You headbutt the hornet.
You tail-slap the hornet, but do no damage.
The hornet is almost dead.
You feel yourself speed up. The hornet barely misses you.
The hornet stings you!
* * * LOW HITPOINT WARNING * * *
You are lethally poisoned!
You feel yourself slow down.
As you read the scroll of teleportation, it crumbles to dust.
You feel strangely unstable.
* * * LOW HITPOINT WARNING * * *
You feel very sick. The hornet closely misses you. The hornet stings you.
You die...

## #. #. #.# #..##
.####...###
.......y..#
#..........<....@..#
.........#..##..#..#
.#.#.#..##. #.##..#
.......# #..##.##..#
.#.#.#.# #.........#
.......# #.##.##.##
.#.#.#.# #.......#
.......#######.####
...............#


You could see a hornet.

Vanquished Creatures
  Prince Ribbit (D:4)
  Eustachio (D:4)
  A sky beast (D:6)
  A centaur (D:5)
  2 kobold brigands (D:4)
  A scorpion (D:6)
  2 hounds
  2 bombardier beetles
  A jelly (D:5)
  An iguana (D:4)
  2 orc wizards
  16 gnolls (D:4)
  3 adders
  A ribbon worm (D:2)
  4 dart slugs
  8 orcs
  6 bats
  9 endoplasms
  5 giant cockroaches
  8 goblins
  15 hobgoblins
  4 jackals
  5 quokkas
  8 ball pythons
  2 frilled lizards
  35 kobolds
  4 rats
148 creatures vanquished.

Notes
Turn   | Place    | Note
-------+----------+-------------------------------------------
     0 | D:1      | CrazyBamboolord the Demonspawn Wanderer began the quest for
                  | the Orb.
     0 | D:1      | CrazyBamboolord set off with the following items: a +0
                  | dagger, 8 boomerangs, a +2 scale mail, a potion of berserk
                  | rage; and the following spell memorised: Slow; and the
                  | following spells available to memorise: Dazzling Flash.
     0 | D:1      | Reached XP level 1. HP: 16/16 MP: 2/2
   184 | D:1      | Gained mutation: You are faintly shadowed, very rarely
                  | releasing foul flame when damaged in melee. [demonic
                  | ancestry]
   184 | D:1      | Reached XP level 2. HP: 21/22 MP: 3/3
   548 | D:1      | Reached skill level 1 in Stealth
   548 | D:1      | Reached XP level 3. HP: 26/28 MP: 4/4
  1012 | D:2      | Discovered your monstrous ancestry.
  1012 | D:2      | Gained mutation: You have a pair of small horns on your
                  | head. [demonic ancestry]
  1012 | D:2      | Reached XP level 4. HP: 34/34 MP: 5/5
  1043 | D:2      | Found an ancient bone altar of Kikubaaqudgha.
  1118 | D:3      | Reached skill level 1 in Short Blades
  1198 | D:3      | Identified the +2 pair of boots "Mimeomawn" {rN+ rCorr
                  | Dex+4}
  1229 | D:3      | Reached skill level 2 in Stealth
  1278 | D:3      | Found a faded altar of an unknown god.
  1554 | D:3      | Gained mutation: You have large cloven feet. [demonic
                  | ancestry]
  1554 | D:3      | Reached XP level 5. HP: 34/41 MP: 6/6
  2369 | D:4      | Reached skill level 3 in Stealth
  2841 | D:4      | Gained mutation: You have a small tail. [demonic ancestry]
  2841 | D:4      | Reached XP level 6. HP: 47/47 MP: 7/7
  3480 | D:4      | Reached skill level 4 in Stealth
  3542 | D:4      | Reached XP level 7. HP: 48/53 MP: 8/8
  3702 | D:4      | Noticed Eustachio
  3736 | D:4      | Killed Eustachio
  3914 | D:4      | Reached skill level 5 in Stealth
  4488 | D:5      | Entered Level 5 of the Dungeon
  4488 | D:5      | Noticed Prince Ribbit
  4497 | D:4      | Killed Prince Ribbit
  4626 | D:5      | Gained mutation: You have a tail ending in a sharp stinger.
                  | [demonic ancestry]
  4626 | D:5      | Reached XP level 8. HP: 61/61 MP: 9/9
  5138 | D:6      | Reached skill level 6 in Stealth
  5165 | D:6      | Noticed a hornet
  5174 | D:6      | Paralysed by a hornet for 1 turns
  5183 | D:6      | HP: 3/61 [poisoned by a hornet]
  5183 | D:6      | Slain by a hornet

Illustrated notes

Levels and vault maps discovered:
D:1:      dpeg_arrival_pits, layout_basic
D:2:      layout_basic, basic_altar
D:3:      layout_loops_ring, hellmonk_ecumenical_altar_prayer_group,
          minmay_cupped
D:4:      minmay_goblin_kobold_castle, layout_basic, uniq_eustachio
D:5:      layout_cave_pools, serial_bayou_ford_a, uniq_prince_ribbit1
D:6:      layout_loops_corners, minmay_temple_entry_hall, serial_glass,
          glass_columns_a, glass_columns_b, glass_columns_b, glass_columns_a,
          glass_columns_a, glass_columns_c

Skill      XL: |  1  2  3  4  5  6  7  8 |
---------------+-------------------------+-----
Throwing       | 2 |  2.0
Armour         | 2 |  2.0
Stealth        | 1 2 3 4 5 6 |  6.0
Short Blades   | 1 2 3 |  3.7
Dodging        | 2 3 4 |  4.0
Fighting       | 3 4 |  4.8
Spellcasting   | |  1.0
Hexes          | |  1.0
Evocations     | |  1.0

Action                     |  1- 3 |  4- 6 |  7- 9 || total
---------------------------+-------+-------+-------++-------
  Melee: Dagger            |    64 |       |       ||    64
         Short sword       |    79 |   202 |    94 ||   375
         Headbutt          |       |    38 |    20 ||    58
         Tailslap          |       |     9 |    12 ||    21
  Throw: Boomerang         |     5 |     3 |     2 ||    10
    Use: Scroll            |       |     3 |     1 ||     4
         Potion            |       |       |     3 ||     3
   Stab: Sleeping          |       |    10 |     3 ||    13
         Distracted        |       |     1 |       ||     1
 Armour: Scale mail        |    91 |       |       ||    91
         Robe              |       |   120 |    99 ||   219
  Dodge: Dodged            |    84 |   157 |   166 ||   407

Table legend: (Time is in decaauts)
 A = Elapsed time spent in this place.
 B = Non-inter-level travel time spent in this place.
 C = Inter-level travel time spent in this place.
 D = Time resting spent in this place.
 E = Time spent auto-exploring this place.
 F = Levels seen in this place.
 G = Mean time per level.
                   A        B        C        D        E       F      G
               +--------+--------+--------+--------+--------+-----+--------+
         Total |   5173 |   4835 |    338 |    445 |   3258 |   6 |  862.2 |
       Dungeon |   5173 |   4835 |    338 |    445 |   3258 |   6 |  862.2 |
               +--------+--------+--------+--------+--------+-----+--------+

Top non-repeatable levels by time:
     D:4: 2715 daAuts
     D:3: 741 daAuts
     D:1: 717 daAuts
     D:5: 438 daAuts
     D:2: 383 daAuts
     D:6: 176 daAuts
